 Dungeon Crawl Stone Soup version 0.28.0-53-g5a82cb258f (webtiles) character file.

Game seed: 4464011729797919215

2464 Ashen the Magician (level 9, -15/68 HPs)
             Began as a Mummy Fire Elementalist on July 9, 2022.
             Was a Believer of Ashenzari.
             Shot with an arrow by a centaur warrior (17 damage)
             ... on level 8 of the Dungeon.
             The game lasted 00:23:28 (9753 turns).

Ashen the Magician (Mummy Fire Elementalist)        Turns: 9753, Time: 00:23:30

Health: -15/68     AC:  2    Str: 11    XL:     9   Next: 26%
Magic:  10/18      EV: 14    Int: 18    God:    Ashenzari [**....]
Gold:   398        SH:  5    Dex: 13    Spells: 8/21 levels left

rFire   x . .      SeeInvis +   j - staff of conjuration (curse) {Melee, Comp}
rCold   + . .      Faith    .   (no shield)
rNeg    + + +      Spirit   .   a - +0 robe "Shackled Together" {Evo, Cun} (curse)
rPois   ∞          Reflect  +   (no helmet)
rElec   .          Harm     .   (no cloak)
rCorr   .          Rampage  .   (no gloves)
Will    +....                   (no boots)
Stlth   +++.......              f - amulet of the Cursed Desperation {Reflect SH+5, Fort, Bglg} (curse)
HPRegen 0.21/turn               (no ring)
MPRegen 0.16/turn               (no ring)

@: very slightly contaminated, studying Unarmed Combat
A: cold resistance 1, negative energy resistance 3, torment resistance 2, heat
vulnerability 1, no potions
a: Renounce Religion, Curse Item, Shatter the Chains


You were on level 8 of the Dungeon.
You worshipped Ashenzari.
Ashenzari was pleased with you.
You visited 2 branches of the dungeon, and saw 9 of its levels.
You also visited: Ossuary.

You collected 398 gold pieces.

Inventory:

Hand Weapons
 i - a +1 whip of freezing
 o - a +1 dagger of venom
Armour
 a - the cursed +0 robe "Shackled Together" (worn) {Evo, Cun}

   It has a curse which improves the following skills: Evocations: Evocations.
   Cunning:   Dodging and Stealth.
Magical Staves
 j - a cursed staff of conjuration (weapon) {Melee, Comp}
Jewellery
 f - the cursed amulet of the Cursed Desperation (around neck) {Reflect SH+5, Fort, Bglg}
   (You found it on level 1 of the Dungeon)

   [amulet of reflection]

   It reflects blocked missile attacks.
   SH:        It affects your SH (+5).
   It has a curse which improves the following skills: Fortitude: Armour and
   Shields.
   Beguiling: Conjurations, Hexes and Translocations.
Wands
 k - a wand of acid (10)
Scrolls
 b - 2 scrolls of noise
 c - a scroll of enchant armour
 d - 3 scrolls of teleportation
 e - 12 scrolls of identify
 g - 3 scrolls of enchant weapon
 h - 2 scrolls of torment
 l - a scroll of silence
 m - 2 scrolls of fog
 n - a scroll of brand weapon


   Skills:
 + Level 5.0 Fighting
 + Level 4.4(5.6) Dodging
 + Level 4.8(6.0) Stealth
 + Level 6.6 Spellcasting
 + Level 4.1(5.3) Conjurations
 + Level 4.9 Fire Magic


You had 8 spell levels left.
You knew the following spells:

 Your Spells              Type           Power      Damage    Failure   Level
a - Foxfire               Conj/Fire      100%       2x1d9     1%          1
b - Scorch                Fire           46%        2d7       2%          2
c - Flame Wave            Conj/Fire      36%        2d9       14%         4
d - Swiftness             Air            5%         N/A       34%         3
e - Inner Flame           Hex/Fire       15%        N/A       12%         3

Your spell library contained the following spells:

 Spells                   Type           Power      Damage    Failure   Level
 Conjure Flame            Conj/Fire      36%        6-21      4%          3
 Stone Arrow              Conj/Erth      46%        3d9       11%         3
 Sandblast                Erth           10%        2d5       12%         1
 Ensorcelled Hibernation  Hex/Ice        12%        N/A       17%         2
 Passwall                 Tmut/Erth      4%         N/A       17%         2


Dungeon Overview and Level Annotations

Branches:
Dungeon (8/15)             Temple (1/1) D:4         Ossuary (visited)
   Lair: D:8-11

Altars:
Ashenzari
Cheibriados
Elyvilon
Gozag
Hepliaklqana
Kikubaaqudgha
Makhleb
Nemelex Xobeh
Okawaru
Qazlal
Ru
Sif Muna
Trog
Uskayaw
Vehumet
Wu Jian
Xom
Yredelemnul
Zin
The Shining One

Shops:
D:1 [=!!   D:3 :

Annotations:
D:8 1 runed translucent door, Weresquid's ghost, novice GrGl


Innate Abilities, Weirdness & Mutations

You are immune to poison.
Your flesh is cold resistant. (rC+)
You are immune to negative energy. (rN+++)
You are immune to unholy pain and torment.
You are vulnerable to heat. (rF-)
You do not drink.


Message History

The centaur warrior is lightly wounded.
The centaur warrior is no longer more vulnerable to fire.
The foxfire hits the centaur warrior.
The centaur warrior is lightly wounded.
The centaur warrior barely misses you. The centaur warrior closely misses you.
The centaur warrior hits you. The centaur warrior kicks you.
Casting: Foxfire (safe; 1% risk of failure)
Confirm with . or Enter, or press ? or * to list all spells.
You feel a surge of power!
You conjure some foxfire!
The centaur warrior closely misses you. The centaur warrior barely misses you.
The centaur warrior closely misses you. You block the centaur warrior's attack.
The foxfire hits the centaur warrior.
The centaur warrior is lightly wounded.
The foxfire hits the centaur warrior.
The centaur warrior is moderately wounded.
The centaur warrior wields a +0 shortbow.
The centaur warrior shoots an arrow.
The arrow hits you!!
* * * LOW HITPOINT WARNING * * *
Casting: Foxfire (safe; 1% risk of failure)
Confirm with . or Enter, or press ? or * to list all spells.
Casting: Flame Wave (dangerous; 14% risk of failure)
Press: ? - help, Dir - look around, f - activate
Okay, then.
You can't drink.
Okay, then.
The centaur warrior shoots an arrow.
The arrow hits you!
* * * LOW HITPOINT WARNING * * *
The centaur warrior shoots an arrow.
You reflect the arrow off an invisible shield around you!
The arrow hits the centaur warrior!!
Casting: Flame Wave (dangerous; 14% risk of failure)
Confirm with . or Enter, or press ? or * to list all spells.
Casting: Flame Wave (dangerous; 14% risk of failure)
Press: ? - help, Dir - look around, f - activate You feel a surge of power!
You miscast Flame Wave.
You are very lightly contaminated with residual magic.
Nothing appears to happen.
The centaur warrior shoots an arrow.
The arrow barely misses you.
The centaur warrior shoots an arrow.
The arrow hits you!
You die...

*,., * *### , , *, .#** .. * *
#####.# ,***#.# * #..... ##..*
** * * #...######,...#
..#.##§§§# #..###...# #..#
..#.##§WB# ##c..§..#.###.#
....###+####...#####.....####
....##...#....#.@..#.###....##
....##.....##.#....#<#
###...####
....###...##..#....#.#
##.....#
....####..#.)##....#.#
#...#...
)....................#
#.#.#.##
.....#...##.###<...### #..8..#
.).....###..# #....# #.....##
##.#....##.## #....# #8...8..
##.#..#..#.# * * * ####.....##


You could see a centaur warrior.

Vanquished Creatures
  A wraith (Ossuary)
  An ice beast (D:7)
  3 black bears
  3 necrophages
  2 ogres
  A centaur (D:4)
  2 kobold brigands
  A wyvern zombie (D:7)
  3 scorpions
  A water moccasin zombie (D:7)
  3 wights (D:7)
  2 jellies
  A bullfrog zombie (D:5)
  2 bullfrog skeletons
  2 hounds
  An orc priest (D:3)
  A gnoll shaman (D:7)
  Jessica (D:2)
  6 orc wizards
  6 iguanas
  A killer bee zombie (D:6)
  A mummy (Ossuary)
  10 gnolls
  4 adders
  2 shadow imps
  A white imp (D:8)
  An ufetubus (D:7)
  An adder skeleton (D:4)
  2 worms (D:3)
  2 dart slugs
  20 orcs
  4 ball pythons
  5 endoplasms
  5 giant cockroaches
  3 goblins
  5 hobgoblins
  8 jackals
  3 quokkas
  5 bats
  2 frilled lizards
  13 gnoll skeletons (Ossuary)
  13 kobolds
  3 kobold skeletons (Ossuary)
  9 orc skeletons (Ossuary)
  4 rats
170 creatures vanquished.

Vanquished Creatures (others)
  682 foxfires
682 creatures vanquished.

Grand Total: 852 creatures vanquished

Notes
Turn   | Place    | Note
-------+----------+-------------------------------------------
     0 | D:1      | Ashen the Mummy Fire Elementalist began the quest for the
                  | Orb.
     0 | D:1      | Reached XP level 1. HP: 13/13 MP: 4/4
   228 | D:1      | Found Tewiheb's Jewellery Shoppe.
   302 | D:1      | Found Veilic's Armour Shoppe.
   615 | D:1      | Found Waguu's Distillery.
   631 | D:1      | Found Joinn's Distillery.
   634 | D:1      | Reached XP level 2. HP: 20/20 MP: 2/5
   823 | D:1      | Reached skill level 1 in Conjurations
  1357 | D:2      | Reached skill level 3 in Spellcasting
  1553 | D:2      | Reached skill level 1 in Fighting
  1553 | D:2      | Reached XP level 3. HP: 15/26 MP: 3/7
  1730 | D:2      | Found a faded altar of an unknown god.
  1829 | D:2      | Noticed Jessica
  1843 | D:2      | Killed Jessica
  2017 | D:2      | Reached XP level 4. HP: 32/32 MP: 5/8
  2710 | D:3      | Found Uletz's Book Boutique.
  3178 | D:3      | Reached XP level 5. HP: 36/38 MP: 0/10
  3442 | D:4      | Learned a level 2 spell: Scorch
  3447 | D:4      | Learned a level 4 spell: Flame Wave
  3589 | D:4      | Noticed a necrophage
  3603 | D:4      | Killed a necrophage
  3695 | D:4      | Reached XP level 6. HP: 37/44 MP: 6/11
  3913 | D:4      | Reached skill level 4 in Spellcasting
  4316 | D:4      | Found a staircase to the Ecumenical Temple.
  4407 | D:4      | Learned a level 3 spell: Swiftness
  4434 | Temple   | Entered the Ecumenical Temple
  4441 | Temple   | Became a worshipper of Ashenzari the Shackled
  4605 | D:5      | Entered Level 5 of the Dungeon
  4699 | D:5      | Reached XP level 7. HP: 25/51 MP: 5/13
  5410 | D:5      | Reached skill level 5 in Spellcasting
  5657 | D:5      | Reached XP level 8. HP: 59/59 MP: 11/15
  6899 | D:6      | Reached * piety under Ashenzari
  7401 | D:7      | Learned a level 3 spell: Inner Flame
  7836 | D:7      | Reached skill level 6 in Spellcasting
  8331 | D:7      | Reached ** piety under Ashenzari
  8359 | D:7      | Reached XP level 9. HP: 66/66 MP: 16/18
  8402 | D:7      | Found a shimmering altar of Xom.
  8473 | D:7      | Found a radiant altar of Vehumet.
  8476 | D:7      | Found a shimmering blue altar of Sif Muna.
  8533 | D:7      | Found a sacrificial altar of Ru.
  8976 | D:8      | Found a sand-covered staircase.
  8983 | Ossuary  | Entered an ossuary
  9554 | D:8      | Noticed a centaur warrior
  9642 | D:8      | Reached skill level 5 in Fighting
  9725 | D:8      | Noticed a boulder beetle
  9726 | D:8      | Found a runed translucent door.
  9726 | D:8      | Noticed Weresquid's ghost (novice GrGl)
  9751 | D:8      | HP: 2/68 [centaur warrior/arrow (11)]
  9753 | D:8      | Shot with an arrow by a centaur warrior

Illustrated notes

Levels and vault maps discovered:
D:1:      evilmike_arrival_plus, layout_basic, serial_shops, nicolae_shop_stone,
          nicolae_shop_stone, shop_statue, nicolae_lakefront_shop,
          roderic_lattice_a
D:2:      layout_loops_ring, hellmonk_ecumenical_altar_lost_god, uniq_jessica
D:3:      layout_loops_ring, serial_shops, shop
D:4:      layout_rooms, minmay_temple_entry_tees, minmay_small_thing
D:5:      layout_basic
D:6:      layout_loops_ring, minmay_liquid_box
D:7:      layout_basic, nicolae_overflow_hallway_of_the_gods
D:8:      layout_rooms, ebering_ghost_inner_flame,
          nicolae_ossuary_entry_monument, uniq_harold
Temple:   nicolae_temple_no_exploring_needed

Skill      XL: |  1  2  3  4  5  6  7  8  9 |
---------------+----------------------------+-----
Conjurations   | 1 2 3 4 |  4.1
Spellcasting   | 3 4 5 6 |  6.6
Fighting       | 1 2 3 4 5 |  5.0
Dodging        | 2 3 4 |  4.4
Stealth        | 2 3 4 |  4.8
Fire Magic     | 3 4 |  4.9

Action                   |  1- 3 |  4- 6 |  7- 9 || total
-------------------------+-------+-------+-------++-------
Melee: Unarmed           |    57 |    64 |     7 ||   128
       Punch             |       |     1 |     1 ||     2
       Staff             |       |       |    54 ||    54
 Cast: Foxfire           |    37 |   136 |   241 ||   414
       Scorch            |       |     1 |    18 ||    19
       Inner Flame       |       |       |     1 ||     1
Invok: Curse Item        |       |       |     3 ||     3
 Stab: Sleeping          |     1 |       |     2 ||     3
Armor: Robe              |    12 |    13 |    14 ||    39
Dodge: Dodged            |    48 |    87 |    81 ||   216
Block: Other             |     8 |    23 |    45 ||    76
       Reflection        |       |     1 |     1 ||     2
